 Dungeon Crawl Stone Soup version 0.32-a0-128-g77eb882913 (webtiles) character file.

Game seed: 865045162135026073

4437 Ge0ff the Spear-Bearer (level 10, -3/79 HPs)
             Began as a Mummy Reaver on Feb 8, 2024.
             Was an Initiate of Yredelemnul.
             Slain by a troll (9 damage)
             ... on level 8 of the Dungeon.
             The game lasted 00:22:41 (8690 turns).

Ge0ff the Spear-Bearer (Mummy Reaver)               Turns: 8690, Time: 00:22:41

Health: -3/79      AC: 13    Str: 19    XL:     10   Next: 14%
Magic:  0/14       EV: 10    Int: 13    God:    Yredelemnul [......]
Gold:   648        SH:  0    Dex: 11    Spells: 13/14 levels left

rFire   + . .        a - +0 scythe
rCold   + + .        (shield currently unavailable)
rNeg    + + +        m - +1 scale mail
rPois   ∞            V - +0 helmet
rElec   .            (no cloak)
rCorr   .            O - +0 pair of gloves
SInv    .            (no boots)
Will    +....        R - amulet of guardian spirit Stlth
                     N - ring of Mapixaps {Wiz rF++ rC+ Slay+2, =R}
HPRegen 0.33/turn    U - +4 ring of protection
MPRegen 0.14/turn

%: guardian spirit, faith, wizardry (x1)
@: no status effects
A: cold resistance 1, negative energy resistance 3, torment resistance 2, heat
vulnerability 1, in touch with death 1, no potions, faith
a: Renounce Religion, Recall Undead Harvest


You were on level 8 of the Dungeon.
You worshipped Yredelemnul.
Yredelemnul was noncommittal.
You visited 2 branches of the dungeon, and saw 9 of its levels.
You also visited: Sewer.

You collected 648 gold pieces.

Inventory:

Hand Weapons
 a - a +0 scythe (weapon)
 b - a +0 spear
 h - a +0 war axe
 j - a +1 heavy hand axe
 p - a +0 battleaxe
 K - a +0 glaive
 Q - a +0 trident
Missiles
 g - a throwing net {=F}
 k - 6 javelins
 l - 12 poisoned darts (quivered)
 P - 3 boomerangs
 W - 51 stones
Armour
 m - a +1 scale mail (worn)
 q - a +0 chain mail
 L - a +0 buckler
 O - a +0 pair of gloves (worn)
 S - the +0 leather armour of Trial and Error {rPois rCorr}
   (You found it on level 4 of the Dungeon)

   rPois:     It protects you from poison rCorr: It protects you from acid and
   corrosion.
 V - a +0 helmet (worn)
 X - a scarf of harm
 Y - the +3 leather armour "Xirug" {Harm Will+}
   (You found it on level 7 of the Dungeon)

   Will+:     It increases your willpower.
   Harm:      It increases damage dealt and taken.
 Z - a +2 robe
Jewellery
 d - a ring of see invisible
 n - a ring of protection from fire
 M - an amulet of regeneration
 N - the ring of Mapixaps (left hand) {Wiz rF++ rC+ Slay+2, =R}
   (You found it on level 7 of the Dungeon)

   [ring of wizardry]

   Wiz:       It improves your spell success rate.
   Slay+2:    It affects your accuracy & damage with ranged weapons and melee
   (+2).
   rF++:      It greatly protects you from fire.
   rC+:       It protects you from cold.
 R - an amulet of guardian spirit (around neck)
 U - a +4 ring of protection (right hand)
Wands
 f - a wand of flame (16)
 r - a wand of roots (11)
Scrolls
 i - a scroll of identify
 T - 2 scrolls of teleportation


   Skills:
 - Level 7.0 Fighting
 * Level 10.1 Polearms
 - Level 1.0 Armour
 - Level 1.5 Dodging
 - Level 2.6 Spellcasting
 - Level 2.4 Conjurations
 + Level 4.4 Invocations
 - Level 2.7 Evocations


You had 13 spell levels left.
You knew the following spells:

 Your Spells              Type           Power      Damage    Failure   Level
E - Kiss of Death         Conj/Necr      28%        2d7       17%         1

Your spell library contained the following spells:

 Spells                   Type           Power      Damage    Failure   Level
 Sting                    Conj/Alch      16%        1d4       17%         1
 Momentum Strike          Conj/Tloc      8%         3d8       26%         2
 Apportation              Tloc           2%         N/A       28%         1
 Necrotise                Necr           8%         1d4       28%         1
 Summon Small Mammal      Summ           4%         N/A       28%         1
 Ensorcelled Hibernation  Hex/Ice        2%         N/A       38%         2
 Hailstorm                Conj/Ice       4%         3d5       45%         3
 Fugue of the Fallen      Necr           2%         N/A       61%         3
 Anguish                  Hex/Necr       1%         N/A       94%         4
 Leda's Liquefaction      Alch/Erth      0%         N/A       94%         4
 Lee's Rapid Deconstruct  Erth           0%         3d4*      100%        5
 Bombard                  Conj/Erth      2%         9d1       100%        6


Dungeon Overview and Level Annotations

Branches:
Dungeon (8/15) Zot: 25528  Temple (1/1) D:5 Zot: 5968   Sewer (visited)
   Lair: D:8-11

Altars:
Ashenzari
Cheibriados
Dithmenos
Fedhas
Gozag
Hepliaklqana
Kikubaaqudgha
Nemelex Xobeh
Qazlal
Ru
Uskayaw
Vehumet
Wu Jian
Xom
Yredelemnul

Shops:
D:8 (


Innate Abilities, Weirdness & Mutations

You are immune to poison.
Your flesh is cold resistant. (rC+)
You are immune to negative energy. (rN+++)
You are immune to unholy pain and torment.
You are vulnerable to heat. (rF-)
You are in touch with the powers of death.
You do not drink.
You have a special connection with the divine. (Faith)


Message History

The troll bites you. The troll closely misses you. The troll misses you.
You barely miss the troll.
The troll is lightly wounded.
The troll closely misses you.
The troll claws you but does no damage. x2
You closely miss the troll.
The troll is lightly wounded.
The troll barely misses you. The troll claws you. The troll barely misses you.
You barely miss the troll.
The troll is lightly wounded.
The troll bites you. The troll closely misses you.
The troll claws you but does no damage.
You hit the troll.
The troll is moderately wounded.
The troll bites you! The troll barely misses you. x2
You hit the troll.
The troll is moderately wounded.
The troll bites you! The troll claws you but does no damage.
The troll closely misses you.
You are too injured to fight recklessly!
You slash the troll!
The troll is heavily wounded.
The troll bites you. The troll claws you but does no damage.
The troll claws you.
You barely miss the troll.
The troll is heavily wounded.
The troll bites you! The troll claws you.
The troll claws you but does no damage.
You slash the troll!
The troll is heavily wounded.
The troll bites you. The troll closely misses you. The troll claws you.
You closely miss the troll.
The troll is heavily wounded.
The troll bites you but does no damage. The troll claws you but does no damage.
The troll claws you.
You completely miss the troll.
The troll is heavily wounded.
The troll closely misses you. The troll claws you!
* * * LOW HITPOINT WARNING * * *
The troll claws you!
* * * LOW HITPOINT WARNING * * *
You completely miss the troll.
The troll is heavily wounded.
The troll barely misses you. The troll closely misses you. The troll claws you!
* * * LOW HITPOINT WARNING * * *
Okay, then.
You hit the troll but do no damage.
The troll is heavily wounded.
The troll bites you!
You die...
You join the legions of the undead harvest.

#...Z..Z# #.# #.#
##.####### #.# #.#
##..# #.# #.#
#..##########.#####.#
.....Z.Z....ZZ......#
..###########.#######
.## ######### .#
#...#...# #######
+...'T@.# ......#
#...#...# ...#### ##
##'## ...### #...###
.....# #...'.#
..##.## #...#.#
..##..#
##'##.#############
..#####
#...#.............#
..#
#...#.###########.#


You could see a troll.

Vanquished Creatures
  A vampire (D:8)
  Sigmund (D:3)
  A wyvern (D:8)
  A wraith (D:8)
  A steam dragon (D:7)
  2 ice beasts
  Pargi (Sewer)
  A black bear (D:8)
  2 phantoms
  A brain worm (Sewer)
  4 bullfrogs
  A gnoll sergeant (D:8)
  4 scorpions
  3 wights (D:8)
  2 bombardier beetles
  5 hounds
  A jelly (D:5)
  3 orc wizards
  8 iguanas
  A sleepcap (D:6)
  10 gnolls
  4 river rats (D:4)
  9 adders
  A white imp (D:5)
  4 dart slugs
  2 ribbon worms
  7 orcs
  7 ball pythons
  5 endoplasms
  6 giant cockroaches
  3 goblins (D:4)
  5 hobgoblins
  8 jackals
  2 quokkas (D:2)
  11 bats
  3 frilled lizards
  8 kobolds
  6 rats
145 creatures vanquished.

Vanquished Creatures (collateral kills)
  A two-headed ogre (D:8)
  A manticore (D:8)
  A hornet (D:7)
  A vampire mosquito (D:8)
  An ogre (D:6)
  A phantom (D:7)
  A bullfrog (D:7)
  2 iguanas
  2 gnolls (D:8)
  An adder (D:6)
  A shadow imp (D:7)
  2 orcs (D:6)
15 creatures vanquished.

Vanquished Creatures (others)
  A manticore zombie (D:8)
  A wyvern zombie (D:8)
  4 bullfrog zombies
  A black bear zombie (D:8)
  An ogre zombie (D:6)
  An ice beast zombie (D:8)
  2 hound zombies (D:6)
  5 gnoll zombies (D:8)
  An orc zombie (D:6)
17 creatures vanquished.

Grand Total: 177 creatures vanquished

Notes
Turn   | Place    | Note
-------+----------+-------------------------------------------
     0 | D:1      | Ge0ff the Mummy Reaver began the quest for the Orb.
     0 | D:1      | Reached XP level 1. HP: 16/16 MP: 4/4
   261 | D:1      | Reached XP level 2. HP: 22/22 MP: 5/5
   311 | D:1      | Reached skill level 3 in Polearms
   888 | D:2      | Reached XP level 3. HP: 27/27 MP: 7/7
  1395 | D:2      | Reached skill level 4 in Polearms
  1395 | D:2      | Reached XP level 4. HP: 32/33 MP: 8/8
  1482 | D:2      | Reached skill level 1 in Armour
  1923 | D:3      | Reached XP level 5. HP: 29/41 MP: 5/9
  2155 | D:4      | Noticed a phantom
  2306 | D:4      | Identified the +0 leather armour of Trial and Error {rPois
                  | rCorr}
  2428 | D:4      | Found a radiant altar of Vehumet.
  2445 | D:4      | Reached skill level 5 in Polearms
  2589 | D:4      | Reached XP level 6. HP: 31/47 MP: 6/10
  2626 | D:4      | Found a glowing drain.
  2648 | Sewer    | Entered a sewer
  2708 | Sewer    | Noticed Pargi
  2718 | Sewer    | Killed Pargi
  2719 | Sewer    | Reached skill level 1 in Evocations
  3028 | D:2      | Reached XP level 7. HP: 45/54 MP: 8/11
  3484 | D:3      | Found a faded altar of an unknown god.
  3514 | D:3      | Noticed Sigmund
  3526 | D:3      | Killed Sigmund
  3543 | D:3      | You fall into a shaft and drop 3 floors!
  3577 | D:5      | Entered Level 5 of the Dungeon
  3603 | D:5      | Reached skill level 6 in Polearms
  4664 | D:5      | Reached XP level 8. HP: 61/61 MP: 12/12
  4809 | D:5      | Reached skill level 5 in Fighting
  4823 | D:5      | Found a staircase to the Ecumenical Temple.
  5162 | D:5      | Found a broken altar of Ashenzari.
  5252 | D:5      | Reached skill level 7 in Polearms
  5296 | Temple   | Found a transporter.
  5296 | Temple   | Found a transporter.
  5296 | Temple   | Found a transporter.
  5296 | Temple   | Found a transporter.
  5296 | Temple   | Entered the Ecumenical Temple
  5309 | Temple   | Became a worshipper of Yredelemnul the Dark
  5505 | D:6      | Reached * piety under Yredelemnul
  5678 | D:6      | Reached ** piety under Yredelemnul
  5783 | D:6      | Reached skill level 8 in Polearms
  6004 | D:6      | Noticed a +0 falchion
  6005 | D:6      | Noticed a +0 spear
  6006 | D:6      | Noticed a +0 short sword
  6006 | D:6      | Noticed a +0 short sword
  6007 | D:6      | Noticed a +0 dagger
  6007 | D:6      | Noticed a +0 spear
  6007 | D:6      | Noticed a +0 falchion
  6007 | D:6      | Noticed a +0 dagger
  6009 | D:6      | Found a hide-covered altar of Uskayaw.
  6022 | D:6      | Reached skill level 1 in Invocations
  6368 | D:6      | Found a blossoming altar of Fedhas.
  6475 | D:7      | Identified the +3 leather armour "Xirug" {Harm Will+}
  6616 | D:7      | Found a stormy altar of Qazlal.
  6621 | D:7      | Noticed a hornet
  6636 | D:7      | Killed a hornet
  6637 | D:7      | Reached XP level 9. HP: 37/69 MP: 6/13
  6758 | D:7      | Found an ornate altar of the Wu Jian Council.
  7053 | D:7      | Identified the ring of Mapixaps {Wiz rF++ rC+ Slay+2}
  7230 | D:8      | Noticed a two-headed ogre
  7402 | D:8      | Found Loizint's Antique Weapon Boutique.
  7687 | D:8      | Reached skill level 9 in Polearms
  7855 | D:8      | Reached *** piety under Yredelemnul
  8076 | D:8      | Killed a two-headed ogre
  8279 | D:8      | Reached XP level 10. HP: 70/77 MP: 14/14
  8491 | D:8      | Noticed a manticore
  8507 | D:8      | Killed a manticore
  8508 | D:8      | Reached skill level 10 in Polearms
  8690 | D:8      | Slain by a troll

Illustrated notes

Levels and vault maps discovered:
D:1:      dpeg_arrival_round_b, layout_loops_ring
D:2:      layout_loops_ring
D:3:      layout_basic, mainiacjoe_overflow_six_doors_small,
          chequers_ecumenical_altar_simple, minmay_misc_feat_roman,
          minivault_26, uniq_sigmund, uniq_ijyb
D:4:      layout_layer_cave, vehumet_altar_wand_db, portal_sewer_entry_e,
          chequers_ossuary_entry_cave, minmay_pentangle
D:5:      layout_loops_cross, overflow_temple_1_default,
          minmay_temple_entry_overgrown
D:6:      layout_loops_ring, nicolae_uskayaw_en_pointe, kennysheep_mini
D:7:      layout_basic, mainiacjoe_overflow_small_starburst, lemuel_tele_altar
D:8:      layout_basic, serial_shops, shop, minmay_evil_grid
Temple:   hellmonk_temple_divided_pantheon

Skill      XL: |  1  2  3  4  5  6  7  8  9 10 |
---------------+-------------------------------+-----
Polearms       | 3 4 5 6 8 9 10 | 10.1
Armour         | 1 |  1.0
Fighting       | 3 4 5 6 7 |  7.0
Evocations     | 1 2 |  2.7
Invocations    | 2 4 |  4.4
Dodging        | |  1.5
Spellcasting   | |  2.6
Conjurations   | |  2.4

Action                     |  1- 3 |  4- 6 |  7- 9 | 10-12 || total
---------------------------+-------+-------+-------+-------++-------
  Melee: Spear             |   123 |   318 |    60 |       ||   501
         Punch             |     2 |    12 |       |       ||    14
         Halberd           |       |       |   330 |    27 ||   357
  Throw: Stone             |       |     2 |       |       ||     2
         Dart              |       |     3 |     8 |       ||    11
   Cast: Kiss of Death     |       |     1 |       |       ||     1
 Invoke: Recall Undead Har |       |       |     1 |       ||     1
  Evoke: Wand              |       |    10 |       |       ||    10
    Use: Scroll            |       |     8 |     4 |       ||    12
   Stab: Distracted        |       |       |     3 |       ||     3
 Armour: Leather armour    |    41 |       |       |       ||    41
         Scale mail        |    11 |   214 |   276 |    36 ||   537
  Dodge: Dodged            |    46 |   125 |   141 |    16 ||   328

Table legend: (Time is in decaauts)
 A = Elapsed time spent in this place.
 B = Non-inter-level travel time spent in this place.
 C = Inter-level travel time spent in this place.
 D = Time resting spent in this place.
 E = Time spent auto-exploring this place.
 F = Levels seen in this place.
 G = Mean time per level.
                   A        B        C        D        E       F      G
               +--------+--------+--------+--------+--------+-----+--------+
         Total |   8675 |   8390 |    285 |    404 |   5562 |  10 |  867.5 |
       Dungeon |   8537 |   8260 |    277 |    404 |   5562 |   8 | 1067.1 |
        Temple |     31 |     23 |      8 |      0 |      0 |   1 |   31.0 |
         Sewer |    106 |    106 |      0 |      0 |      0 |   1 |  106.0 |
               +--------+--------+--------+--------+--------+-----+--------+

Top non-repeatable levels by time:
     D:4: 1564 daAuts
     D:8: 1440 daAuts
     D:2: 1121 daAuts
     D:6: 1081 daAuts
     D:3: 867 daAuts
     D:5: 865 daAuts
     D:1: 807 daAuts
     D:7: 789 daAuts
   Sewer: 106 daAuts
  Temple: 31 daAuts
